 Dungeon Crawl Stone Soup version 0.28-a0-793-g31680bbd8b (webtiles) character file.

Game seed: 813141908909981215

5 cheechan the Cudgeller (level 1, 21/21 HPs)
             Began as a Naga Chaos Knight on Nov 3, 2021.
             Was a Plaything of Xom.
             Quit the game on level 1 of the Dungeon.
             The game lasted 00:00:25 (90 turns).

cheechan the Cudgeller (Naga Chaos Knight)            Turns: 90, Time: 00:00:26

Health: 21/21      AC:  4    Str: 14    XL:     1   Next: 80%
Magic:  1/1        EV:  9    Int: 12    God:    Xom [..*...]
Gold:   24         SH:  0    Dex: 10    Spells: 0/0 levels left

rFire   . . .      SeeInvis +   a - +0 mace (chaos)
rCold   . . .      Faith    .   (no shield)
rNeg    . . .      Spirit   .   b - +2 leather armour
rPois   +          Reflect  .   (no helmet)
rElec   .          Harm     .   (no cloak)
rCorr   .          Rampage  .   (no gloves)
Will    .....                   (no barding)
Stlth   +.........              (no amulet)
HPRegen 0.07/turn               (no ring)
MPRegen 0.07/turn               (no ring)

@: very slow
A: AC +0, large, see invisible, deformed body, poison resistance, slowness 2,
spit poison 1, naga tail 1
a: Spit Poison, Renounce Religion


You were on level 1 of the Dungeon.
You worshipped Xom.
You were a toy of Xom.
You visited 1 branch of the dungeon, and saw 1 of its levels.

You collected 24 gold pieces.

Inventory:

Hand Weapons
 a - a +0 mace of chaos (weapon)
Armour
 b - a +2 leather armour (worn)
Potions
 c - a potion of heal wounds {unknown}


   Skills:
 + Level 3.0 Fighting
 + Level 3.1 Maces & Flails
 + Level 1.9 Armour
 + Level 0.7 Dodging


You couldn't memorise any spells.
You didn't know any spells.
Your spell library was empty.

Dungeon Overview and Level Annotations

Branches:
Dungeon (1/15)

Altars:


Innate Abilities, Weirdness & Mutations

Your serpentine skin is tough. (AC +0)
You have supernaturally acute eyesight. (SInv)
Armour fits poorly on your strangely shaped body.
Your system is resistant to poisons. (rPois)
You cover ground very slowly.
You can spit poison.
You have a snake-like lower body.


Message History

The hobgoblin moves out of view.
Found 11 gold pieces and a purple potion.
There is an open door here.
You hit the hobgoblin.
You kill the hobgoblin!
You now have 11 gold pieces.
You see here a hobgoblin corpse.
c - a purple potion A dart slug comes into view.
The dart slug launches a dart at you.
The slug dart hits you but does no damage.
You hit the dart slug.
The dart slug is poisoned.
The dart slug is heavily wounded.
The dart slug bites you but does no damage.
You hit the dart slug. You freeze the dart slug.
You kill the dart slug!
Found a scroll labelled YNOOTA BI FOY and 13 gold pieces.
A goblin comes into view. It is wielding a +0 dagger.
You see here a scroll labelled YNOOTA BI FOY.
d - a scroll labelled YNOOTA BI FOY The goblin barely misses you.
You closely miss the goblin. The goblin hits you but does no damage.
You hit the goblin.
You kill the goblin!
Things that are here:
a +0 dagger; a goblin corpse You now have 24 gold pieces (gained 13).
Found a scroll labelled YDETWI ICKAR.
Found a stone staircase leading down.
e - a scroll labelled YDETWI ICKAR
As you read the scroll labelled YNOOTA BI FOY, it crumbles to dust.
It is a scroll of amnesia.
You feel forgetful for a moment.
Okay, then.
As you read the scroll labelled YDETWI ICKAR, it crumbles to dust.
You feel strangely unstable.
It was a scroll of teleportation.
Found 9 stones.
Your surroundings suddenly seem different.
Found 23 stones.
Are you sure you want to abandon this character and quit the game? (Confirm with "yes".)

........
......
##.#...#
##.....
.......
..... .....
#.#.# .
#.#.# ...
#(#.###.....
#.@.........
#.#.###.#...
#.....
#.......
#...#####
#.... #...#
#...#


There were no monsters in sight!

Vanquished Creatures
  A dart slug (D:1)
  A goblin (D:1)
  A hobgoblin (D:1)
3 creatures vanquished.

Notes
Turn   | Place    | Note
-------+----------+-------------------------------------------
     0 | D:1      | cheechan the Naga Chaos Knight began the quest for the Orb.
     0 | D:1      | Reached XP level 1. HP: 21/21 MP: 1/1
    90 | D:1      | Quit the game

Illustrated notes

Levels and vault maps discovered:
D:1:      shiori_shiawase, layout_basic, dilly_ecumenical_altar_fadedgnrine,
          lexackson_kobold_supper

Action                   || total
-------------------------++-------
Melee: Mace              ||     5
  Use: Scroll            ||     2
Armor: Leather armour    ||     3
Dodge: Dodged            ||     1

Table legend: (Time is in decaauts)
 A = Elapsed time spent in this place.
 B = Non-inter-level travel time spent in this place.
 C = Inter-level travel time spent in this place.
 D = Time resting spent in this place.
 E = Time spent auto-exploring this place.
 F = Levels seen in this place.
 G = Mean time per level.
                   A        B        C        D        E       F      G
               +--------+--------+--------+--------+--------+-----+--------+
         Total |    121 |    121 |      0 |      0 |      0 |   1 |  121.0 |
       Dungeon |    121 |    121 |      0 |      0 |      0 |   1 |  121.0 |
               +--------+--------+--------+--------+--------+-----+--------+

Top non-repeatable levels by time:
     D:1: 121 daAuts
